 Dungeon Crawl Stone Soup version 0.25-a0-353-ged6d54792d (webtiles) character file.

Game seed: 1228463062649086457, levelgen mode: deterministic

66 BritishOli the Ducker (level 3, -1/28 HPs)
             Began as a Demonspawn Gladiator on Jan 2, 2020.
             Slain by Natasha (6 damage)
             ... on level 2 of the Dungeon.
             The game lasted 00:02:03 (1078 turns).

BritishOli the Ducker (Demonspawn Gladiator)        Turns: 1078, Time: 00:02:04

Health: -1/28      AC: 10    Str: 15    XL:     3   Next: 96%
Magic:  3/3        EV: 13    Int:  9    God:
Gold:   90         SH:  0    Dex: 14    Spells: 2/2 levels left

rFire    x . .     SeeInvis .   a - +0 long sword
rCold    + . .     Gourm    .   (no shield)
rNeg     . . .     Faith    .   b - +0 leather armour
rPois    .         Spirit   .   c - +0 helmet
rElec    .         Reflect  .   (no cloak)
rCorr    .         Harm     .   (no gloves)
MR       .....                  (no boots)
Stlth    +.........             (no amulet)
HPRegen  0.09/turn              p - ring of ice
MPRegen  0.08/turn              (no ring)

@: sanguine armour, slowed, very slow
A: hooves 1, sanguine armour 1
a: no special abilities


You were on level 2 of the Dungeon.
You were hungry.

You visited 1 branch of the dungeon, and saw 2 of its levels.

You collected 90 gold pieces.

Inventory:

Hand Weapons
 a - a +0 long sword (weapon)
Missiles
 d - 3 throwing nets (quivered)
Armour
 b - a +0 leather armour (worn)
 c - a +0 helmet (worn)
Jewellery
 p - a ring of ice (left hand)
Scrolls
 e - 3 scrolls of identify {unknown}
 g - 4 scrolls of teleportation {unknown}
 i - a scroll of blinking {unknown}
 m - a scroll of amnesia {unknown}
 n - a scroll of fear {unknown}
 o - 2 scrolls of magic mapping {unknown}
Potions
 h - 2 potions of curing {unknown}
 j - a potion of resistance {unknown}
 k - a potion of haste {unknown}
 l - a potion of degeneration {unknown}
Comestibles
 f - 4 rations


   Skills:
 + Level 2.7 Fighting
 + Level 3.1 Long Blades
 + Level 2.4 Throwing
 + Level 3.2 Dodging


You had 2 spell levels left.
You didn't know any spells.
Your spell library was empty.

Dungeon Overview and Level Annotations

Branches:
Dungeon (2/15)

Altars:

Annotations:
D:2 Natasha


Innate Abilities, Weirdness & Mutations

You have large cloven feet.
When seriously injured, your bleeding wounds create armour. (AC +6)


Message History

Natasha casts a spell at you.
You feel yourself slow down. Natasha casts a spell at you.
The magic dart hits you but does no damage.
You slash Natasha!
Natasha is almost dead.
Natasha casts a spell at you. The magic dart hits you.
* * * LOW HITPOINT WARNING * * *
Natasha casts a spell.
You hit Natasha.
Natasha is almost dead.
Natasha barely misses you.
Natasha wildly gestures.
Natasha's front paws start to glow.
Natasha claws you but does no damage.
You hit Natasha but do no damage. Your kick misses Natasha.
Natasha is almost dead.
Natasha claws you.
You die...

#............###.
.......#...########.#
.......+............#
##.....###.......†..##
...?...###...........#
.........#...........##.
.........#...#######..#.
.......5.#...###......#.
#h@.$............#.
#..................
#..................
#..................
####.............#>
......#............##
...$..#.......##.....
.....................
...........##........


You could see an iron imp and Natasha.

Vanquished Creatures
  Natasha (D:2)
  An ooze (D:1)
  A dart slug (D:1)
  A leopard gecko (D:1)
  6 bats
  4 goblins (D:1)
  4 hobgoblins
  6 jackals
  2 kobolds (D:1)
  4 rats
30 creatures vanquished.

Notes
Turn   | Place    | Note
-------+----------+-------------------------------------------
     0 | D:1      | BritishOli the Demonspawn Gladiator began the quest for the
                  | Orb.
     0 | D:1      | Reached XP level 1. HP: 16/16 MP: 1/1
   109 | D:1      | Gained mutation: When seriously injured, your bleeding
                  | wounds create armour. (AC +6) [demonic ancestry]
   109 | D:1      | Reached XP level 2. HP: 22/22 MP: 2/2
   567 | D:1      | Gained mutation: You have large cloven feet. [demonic
                  | ancestry]
   567 | D:1      | Reached XP level 3. HP: 19/28 MP: 3/3
  1014 | D:2      | Noticed Natasha
  1024 | D:2      | Killed Natasha
  1069 | D:2      | Noticed Natasha
  1078 | D:2      | Slain by Natasha

Levels and vault maps discovered:
D:1:      lemuel_arrival_river_ford, layout_basic, minmay_tripent
D:2:      layout_basic, uniq_natasha

Skill      XL: |  1  2 |
---------------+-------+-----
Throwing       | 2 |  2.4
Long Blades    | 3 |  3.1
Dodging        | 3 |  3.2
Fighting       | |  2.7

Action                   || total
-------------------------++-------
Melee: Long sword        ||    89
       Kick              ||    11
 Stab: Sleeping          ||     1
Armor: Leather armour    ||    32
Dodge: Dodged            ||    83
       Rpst.: Long sword ||    27

Table legend:
 A = Non-vault XP
 B = Vault XP
 C = Vault XP percentage of total XP
 D = Non-vault monster count
 E = Vault monster count
 F = Vault count percentage of total count
                 A         B        C        D         E       F
            +---------+---------+-------+---------+---------+-------
      Total |      55 |      40 |  42.1 |      27 |       3 |  10.0
            +---------+---------+-------+---------+---------+-------
        D:1 |      41 |       5 |  10.9 |      19 |       2 |   9.5
        D:2 |      14 |      35 |  71.4 |       8 |       1 |  11.1
            +---------+---------+-------+---------+---------+-------
